| TOP OF THE 1ST |
|
Port Lavaca Indians batting - Pitching for St. Pete Cardinals : RHP John Martin
|
|
Pitching: RHP John Martin
|
|
|
Batting: LHB William Tirado
|
0-0: Called Strike 0-1: Ball 1-1: Swinging Strike 1-2: Ball 2-2: Foul Ball, location: 2F 2-2: Ball 3-2: Strikes out swinging
|
|
Batting: LHB Antonio Huerta
|
0-0: Ball 1-0: Ball 2-0: Ball 3-0: Base on Balls
|
|
Batting: LHB Wally Joyner
|
0-0: Ball 1-0: Called Strike 1-1: Ball 2-1: Grounds into double play, 6-4-3 (Groundball, 6S, EV 87.5 MPH)
|
| Top of the 1st over - 0 runs, 0 hits, 0 errors, 0 left on base; Port Lavaca 0 - St. Pete 0 |
| BOTTOM OF THE 1ST |
|
St. Pete Cardinals batting - Pitching for Port Lavaca Indians : RHP Steven Yenser
|
|
Pitching: RHP Steven Yenser
|
|
|
Batting: RHB Victor Jimenez
|
0-0: Called Strike 0-1: Ball 1-1: Foul Ball, location: 2F 1-2: Fly out, F3 (Line Drive, 3, EV 73.8 MPH)
|
|
Batting: RHB Sal Agostinelli
|
0-0: Swinging Strike 0-1: Ball 1-1: Ball 2-1: Ball 3-1: Foul Ball, location: 2F 3-2: Ground out 6-3 (Groundball, 6, EV 79.4 MPH)
|
|
Batting: RHB Joe Scime
|
0-0: Ball 1-0: Foul Ball, location: 2F 1-1: Swinging Strike 1-2: Strikes out looking
|
| Bottom of the 1st over - 0 runs, 0 hits, 0 errors, 0 left on base; Port Lavaca 0 - St. Pete 0 |
| TOP OF THE 2ND |
|
Port Lavaca Indians batting - Pitching for St. Pete Cardinals : RHP John Martin
|
|
Batting: SHB John Rigos
|
0-0: Called Strike 0-1: Foul Ball, location: 2F 0-2: Ball 1-2: Foul Ball, location: 2F 1-2: Strikes out swinging
|
|
Batting: RHB Robbie Wine
|
0-0: Ball 1-0: Ball 2-0: Ball 3-0: Base on Balls
|
|
Batting: SHB Ruben Sierra
|
0-0: Ball 1-0: Fly out, F9 (Flyball, 9, EV 80.0 MPH)
|
|
Batting: LHB Jim Spring
|
0-0: Ball 1-0: Foul Ball, location: 2F 1-1: Swinging Strike 1-2: Ball 2-2: Strikes out swinging
|
| Top of the 2nd over - 0 runs, 0 hits, 0 errors, 1 left on base; Port Lavaca 0 - St. Pete 0 |
| BOTTOM OF THE 2ND |
|
St. Pete Cardinals batting - Pitching for Port Lavaca Indians : RHP Steven Yenser
|
|
Batting: RHB Eric Hardgrave
|
0-0: Called Strike 0-1: Ball 1-1: Ball 2-1: Called Strike 2-2: Strikes out swinging
|
|
Batting: SHB Mickey Riley
|
0-0: Ball 1-0: Ball 2-0: Called Strike 2-1: Fly out, F6 (Popup, 6, EV 74.4 MPH)
|
|
Batting: LHB Richard Hazard
|
0-0: Called Strike 0-1: Called Strike 0-2: Ball 1-2: Strikes out swinging
|
| Bottom of the 2nd over - 0 runs, 0 hits, 0 errors, 0 left on base; Port Lavaca 0 - St. Pete 0 |
| TOP OF THE 3RD |
|
Port Lavaca Indians batting - Pitching for St. Pete Cardinals : RHP John Martin
|
|
Batting: RHB Zoilo Sanchez
|
0-0: Foul Ball, location: 2F 0-1: Swinging Strike 0-2: Strikes out swinging
|
|
Batting: RHB Jeffrey Rhodes
|
0-0: Fly out, F3 (Popup, 34S, EV 72.5 MPH)
|
|
Batting: LHB William Tirado
|
0-0: Ball 1-0: Ball 2-0: Ball 3-0: Called Strike 3-1: Called Strike 3-2: Foul Ball, location: 2F 3-2: Foul Ball, location: 2F 3-2: DOUBLE (Line Drive, 7LM, EV 103.1 MPH)
|
|
Batting: LHB Antonio Huerta
|
0-0: Ball 1-0: Foul Ball, location: 2F 1-1: Ball 2-1: Fly out, F6 (Popup, 56, EV 60.0 MPH)
|
| Top of the 3rd over - 0 runs, 1 hit, 0 errors, 1 left on base; Port Lavaca 0 - St. Pete 0 |
| BOTTOM OF THE 3RD |
|
St. Pete Cardinals batting - Pitching for Port Lavaca Indians : RHP Steven Yenser
|
|
Batting: RHB Omar Interiano
|
0-0: Fly out, F8 (Line Drive, 8LM, EV 90.6 MPH)
|
|
Batting: RHB Jose Mantilla
|
0-0: Ball 1-0: Fly out, F7 (Flyball, 7LM, EV 88.1 MPH)
|
|
Batting: RHB Carlos Garcia
|
0-0: Ball 1-0: Swinging Strike 1-1: Foul Ball, location: 2F 1-2: Strikes out swinging
|
| Bottom of the 3rd over - 0 runs, 0 hits, 0 errors, 0 left on base; Port Lavaca 0 - St. Pete 0 |
| TOP OF THE 4TH |
|
Port Lavaca Indians batting - Pitching for St. Pete Cardinals : RHP John Martin
|
|
Batting: LHB Wally Joyner
|
0-0: Swinging Strike 0-1: Foul Ball, location: 2F 0-2: Strikes out swinging
|
|
Batting: SHB John Rigos
|
0-0: Foul Ball, location: 2F 0-1: Ground out 4-3 (Groundball, 4, EV 84.4 MPH)
|
|
Batting: RHB Robbie Wine
|
0-0: Foul Ball, location: 2F 0-1: Ground out 4-3 (Groundball, 4, EV 87.5 MPH)
|
| Top of the 4th over - 0 runs, 0 hits, 0 errors, 0 left on base; Port Lavaca 0 - St. Pete 0 |
| BOTTOM OF THE 4TH |
|
St. Pete Cardinals batting - Pitching for Port Lavaca Indians : RHP Steven Yenser
|
|
Batting: RHB Victor Jimenez
|
0-0: Ball 1-0: Foul Ball, location: 2F 1-1: Swinging Strike 1-2: Foul Ball, location: 2F 1-2: Foul Ball, location: 2F 1-2: Foul Ball, location: 2F 1-2: Strikes out swinging
|
|
Batting: RHB Sal Agostinelli
|
0-0: Called Strike 0-1: Called Strike 0-2: Fly out, F9 (Flyball, 9, EV 80.0 MPH)
|
|
Batting: RHB Joe Scime
|
0-0: Called Strike 0-1: Ball 1-1: Ball 2-1: Foul Ball, location: 2F 2-2: Strikes out swinging
|
| Bottom of the 4th over - 0 runs, 0 hits, 0 errors, 0 left on base; Port Lavaca 0 - St. Pete 0 |
| TOP OF THE 5TH |
|
Port Lavaca Indians batting - Pitching for St. Pete Cardinals : RHP John Martin
|
|
Batting: SHB Ruben Sierra
|
0-0: Called Strike 0-1: Bunt missed! 0-2: Strikes out looking
|
|
Batting: LHB Jim Spring
|
0-0: Called Strike 0-1: Called Strike 0-2: Foul Ball, location: 2F 0-2: SINGLE (Groundball, 25, EV 68.8 MPH) (infield hit)
|
|
Batting: RHB Zoilo Sanchez
|
0-0: Called Strike 0-1: Called Strike 0-2: Foul Ball, location: 2F 0-2: Ball 1-2: SINGLE (Line Drive, 6MD, EV 101.9 MPH) Jim Spring to second
|
|
Batting: RHB Jeffrey Rhodes
|
0-0: Called Strike 0-1: Ball 1-1: Ball 2-1: Swinging Strike 2-2: Foul Ball, location: 2F 2-2: Strikes out swinging
|
|
Batting: LHB William Tirado
|
0-0: Ball 1-0: Called Strike 1-1: Swinging Strike 1-2: Reached on error, E3 (Groundball, 3, EV 95.0 MPH) Jim Spring to third Zoilo Sanchez to second
|
|
Batting: LHB Antonio Huerta
|
0-0: Called Strike 0-1: DOUBLE (Line Drive, 9LS, EV 103.1 MPH) Jim Spring scores Zoilo Sanchez scores William Tirado to third Runner from 3rd tries for Home, SAFE, throw by RF to trailing runner, SAFE at third!
|
|
Batting: LHB Wally Joyner
|
0-0: DOUBLE (Line Drive, 7LS, EV 91.3 MPH) Antonio Huerta scores
|
|
Batting: SHB John Rigos
|
0-0: Ball 1-0: Called Strike 1-1: Ball 2-1: Fly out, F7 (Flyball, 7, EV 86.3 MPH)
|
| Top of the 5th over - 4 runs, 4 hits, 1 error, 1 left on base; Port Lavaca 4 - St. Pete 0 |
| BOTTOM OF THE 5TH |
|
St. Pete Cardinals batting - Pitching for Port Lavaca Indians : RHP Steven Yenser
|
|
Batting: RHB Eric Hardgrave
|
0-0: Ball 1-0: SINGLE (Groundball, 4MD, EV 107.5 MPH)
|
|
Batting: SHB Mickey Riley
|
0-0: Ball 1-0: Called Strike 1-1: Fly out, F8 (Line Drive, 8LM, EV 106.9 MPH)
|
|
Batting: LHB Richard Hazard
|
0-0: Ball 1-0: Ball 2-0: Called Strike 2-1: Foul Ball, location: 2F 2-2: Ball 3-2: Base on Balls Eric Hardgrave to second
|
|
Batting: RHB Omar Interiano
|
0-0: Ball 1-0: SINGLE (Line Drive, 6MD, EV 105.0 MPH) Eric Hardgrave to third Richard Hazard to second Runner from 3rd tries for Home, SAFE, throw by CF to home
|
|
Batting: RHB Jose Mantilla
|
0-0: Ball 1-0: Ball 2-0: Swinging Strike 2-1: Ball 3-1: Swinging Strike 3-2: Foul Ball, location: 2F 3-2: Strikes out swinging
|
|
Batting: RHB Carlos Garcia
|
0-0: Foul Ball, location: 2F 0-1: Foul Ball, location: 2F 0-2: Strikes out swinging
|
| Bottom of the 5th over - 1 run, 2 hits, 0 errors, 2 left on base; Port Lavaca 4 - St. Pete 1 |
| TOP OF THE 6TH |
|
Port Lavaca Indians batting - Pitching for St. Pete Cardinals : RHP John Martin
|
|
Batting: RHB Robbie Wine
|
0-0: Ball 1-0: Swinging Strike 1-1: Foul Ball, location: 2F 1-2: Strikes out swinging
|
|
Batting: SHB Ruben Sierra
|
0-0: Ball 1-0: Fly out, F5 (Popup, 56, EV 71.9 MPH)
|
|
Batting: LHB Jim Spring
|
0-0: Ball 1-0: Foul Ball, location: 2F 1-1: Called Strike 1-2: Strikes out swinging
|
| Top of the 6th over - 0 runs, 0 hits, 0 errors, 0 left on base; Port Lavaca 4 - St. Pete 1 |
| BOTTOM OF THE 6TH |
|
St. Pete Cardinals batting - Pitching for Port Lavaca Indians : RHP Steven Yenser
|
|
Batting: RHB Victor Jimenez
|
0-0: Foul Ball, location: 2F 0-1: Ball 1-1: Foul Ball, location: 2F 1-2: Strikes out looking
|
|
Batting: RHB Sal Agostinelli
|
0-0: Ball 1-0: Ball 2-0: Called Strike 2-1: Foul Ball, location: 2F 2-2: Ball 3-2: Ground out 4-3 (Groundball, 34, EV 106.9 MPH)
|
|
Batting: RHB Joe Scime
|
0-0: Called Strike 0-1: Fly out, F8 (Flyball, 8RD, EV 99.4 MPH)
|
| Bottom of the 6th over - 0 runs, 0 hits, 0 errors, 0 left on base; Port Lavaca 4 - St. Pete 1 |
| TOP OF THE 7TH |
|
Port Lavaca Indians batting - Pitching for St. Pete Cardinals : RHP John Martin
|
|
Batting: RHB Zoilo Sanchez
|
0-0: Ball 1-0: Called Strike 1-1: Ground out U3 (Groundball, 34S, EV 88.8 MPH)
|
|
Batting: RHB Jeffrey Rhodes
|
0-0: Called Strike 0-1: Ball 1-1: Ball 2-1: Called Strike 2-2: Foul Ball, location: 2F 2-2: Foul Ball, location: 2F 2-2: Strikes out looking
|
|
Batting: LHB William Tirado
|
0-0: Ball 1-0: Ball 2-0: Called Strike 2-1: Swinging Strike 2-2: Foul Ball, location: 2F 2-2: Ball 3-2: SINGLE (Line Drive, 4D, EV 96.9 MPH)
|
|
Batting: LHB Antonio Huerta
|
0-0: Ball 1-0: Ball 2-0: Fly out, F6 (Popup, 6, EV 70.0 MPH)
|
| Top of the 7th over - 0 runs, 1 hit, 0 errors, 1 left on base; Port Lavaca 4 - St. Pete 1 |
| BOTTOM OF THE 7TH |
|
St. Pete Cardinals batting - Pitching for Port Lavaca Indians : RHP Steven Yenser
|
|
Batting: RHB Eric Hardgrave
|
0-0: Ball 1-0: Called Strike 1-1: Called Strike 1-2: Ball 2-2: Strikes out swinging
|
|
Batting: SHB Mickey Riley
|
0-0: Foul Ball, location: 2F 0-1: Ball 1-1: Swinging Strike 1-2: Strikes out swinging
|
|
Batting: LHB Richard Hazard
|
0-0: Ball 1-0: Called Strike 1-1: Swinging Strike 1-2: Ball 2-2: Ball 3-2: Strikes out swinging
|
| Bottom of the 7th over - 0 runs, 0 hits, 0 errors, 0 left on base; Port Lavaca 4 - St. Pete 1 |
| TOP OF THE 8TH |
|
Port Lavaca Indians batting - Pitching for St. Pete Cardinals : RHP John Martin
|
|
Batting: LHB Wally Joyner
|
0-0: Foul Ball, location: 2F 0-1: Ball 1-1: Ball 2-1: Foul Ball, location: 2F 2-2: Foul Ball, location: 2F 2-2: Ball 3-2: Strikes out swinging
|
|
Batting: SHB John Rigos
|
0-0: Called Strike 0-1: Swinging Strike 0-2: Ball 1-2: Ground out 4-3 (Groundball, 4, EV 84.4 MPH)
|
|
Batting: RHB Robbie Wine
|
0-0: Called Strike 0-1: Called Strike 0-2: Ball 1-2: SOLO HOME RUN (Flyball, 9LD, EV 109.4 MPH), Distance : 362 ft
|
|
Pitching: RHP Glen Germer
|
|
|
Batting: SHB Ruben Sierra
|
0-0: Foul Ball, location: 2F 0-1: Ball 1-1: Foul Ball, location: 2F 1-2: Ball 2-2: Ball 3-2: Ground out 6-3 (Groundball, 6D, EV 100.0 MPH)
|
| Top of the 8th over - 1 run, 1 hit, 0 errors, 0 left on base; Port Lavaca 5 - St. Pete 1 |
| BOTTOM OF THE 8TH |
|
St. Pete Cardinals batting - Pitching for Port Lavaca Indians : RHP Steven Yenser
|
|
Batting: RHB Omar Interiano
|
0-0: Ball 1-0: Foul Ball, location: 2F 1-1: Ball 2-1: Ball 3-1: Foul Ball, location: 2F 3-2: Strikes out swinging
|
|
Batting: RHB Jose Mantilla
|
0-0: Ball 1-0: Fly out, F8 (Line Drive, 8LM, EV 96.9 MPH)
|
|
Batting: RHB Carlos Garcia
|
0-0: Swinging Strike 0-1: Called Strike 0-2: Ground out 6-3 (Groundball, 6, EV 92.5 MPH)
|
| Bottom of the 8th over - 0 runs, 0 hits, 0 errors, 0 left on base; Port Lavaca 5 - St. Pete 1 |
| TOP OF THE 9TH |
|
Port Lavaca Indians batting - Pitching for St. Pete Cardinals : RHP Glen Germer
|
|
Batting: LHB Jim Spring
|
0-0: SINGLE (Flyball, 8LS, EV 94.4 MPH)
|
|
Batting: RHB Zoilo Sanchez
|
0-0: Called Strike 0-1: Ball 1-1: Swinging Strike 1-2: Strikes out swinging
|
|
Batting: RHB Jeffrey Rhodes
|
0-0: Ball 1-0: Ball 2-0: 2-RUN HOME RUN (Flyball, 89XD, EV 91.9 MPH), Distance : 414 ft
|
|
Batting: LHB William Tirado
|
0-0: Ball 1-0: Ground out 1-3 (Groundball, 13, EV 76.9 MPH)
|
|
Batting: LHB Antonio Huerta
|
0-0: Called Strike 0-1: Called Strike 0-2: Foul Ball, location: 2F 0-2: Strikes out looking
|
| Top of the 9th over - 2 runs, 2 hits, 0 errors, 0 left on base; Port Lavaca 7 - St. Pete 1 |
| BOTTOM OF THE 9TH |
|
St. Pete Cardinals batting - Pitching for Port Lavaca Indians : RHP Steven Yenser
|
|
Batting: RHB Victor Jimenez
|
0-0: Ball 1-0: Called Strike 1-1: Foul Ball, location: 2F 1-2: Foul Ball, location: 2F 1-2: SINGLE (Line Drive, 7LM, EV 110.6 MPH)
|
|
Batting: RHB Sal Agostinelli
|
0-0: Ball 1-0: Foul Ball, location: 2F 1-1: SINGLE (Groundball, 6M, EV 99.4 MPH) (infield hit) Victor Jimenez to second
|
|
Batting: RHB Joe Scime
|
0-0: Called Strike 0-1: Grounds into double play, 6-4-3 (Groundball, 6, EV 85.0 MPH) Victor Jimenez to third
|
|
Batting: RHB Eric Hardgrave
|
0-0: Foul Ball, location: 2F 0-1: Fly out, F7 (Flyball, 7LM, EV 103.8 MPH)
|
| Bottom of the 9th over - 0 runs, 2 hits, 0 errors, 1 left on base; Port Lavaca 7 - St. Pete 1 |
|